AoeStats
← Lachs

Arabia

503127875Analyzed
1v1 RM · 1mo ago on Aug 30, 2026· 49m 11s· 2 players
Game mode
Random Map
Map size
Tiny (2 player)
Population
200
Speed
Normal
Resources
Standard
Victory
Conquest
Starting age
Dark Age
Ending age
Imperial Age
RankedLock teamsTeams togetherTeam positionsShared explorationLock speedFull tech treeHidden civsTurbo modeCheats
Victory
Defeat
🇹🇷 Mongols · Türkiye
1235
+13
🇩🇪 Mongols · Germany
1176
-13
bojoooo
9:22 Feudal Age
12:12 Loom
15:34 Castle Age
20:36 Fletching
23:48 Bodkin Arrow
25:31 Padded Archer Armor
28:31 Ballistics
29:51 Leather Archer Armor
29:33 Horse Collar
30:34 Double-Bit Axe
37:41 Wheelbarrow
38:08 Bow Saw
42:42 Imperial Age
41:12 Scale Barding Armor
41:13 Heavy Plow
41:56 Husbandry
42:07 Bloodlines
44:59 Bracer
46:30 Chemistry
47:24 Conscription
49:11 Chain Barding Armor
49:01 Forging
Lachs
6:26 Loom
8:46 Feudal Age
9:24 Double-Bit Axe
13:12 Horse Collar
20:20 Castle Age
19:35 Fletching
19:59 Bloodlines
22:15 Elite Skirmisher
23:41 Bow Saw
23:54 Bodkin Arrow
23:59 Padded Archer Armor
42:42 Wheelbarrow
46:36 Imperial Age
44:17 Thumb Ring
45:52 Ballistics
46:51 Husbandry
46:11 Light Cavalry
Connection lost

Rejoining the realm…

Still unreachable

The connection could not be restored.

Session expired

The server has moved on; the page needs a fresh start.